 Dungeon Crawl Stone Soup version 0.32-a0-918-g0f22ef8d61 (webtiles) character file.

Game seed: 10697857453252290824

251 innerfire43 the Trooper (level 5, -1/43 HPs)
             Began as a Demonspawn Monk on Apr 10, 2024.
             Succumbed to a gnoll sergeant's poison
             ... on level 3 of the Dungeon.
             The game lasted 00:03:25 (2063 turns).

innerfire43 the Trooper (Demonspawn Monk)           Turns: 2063, Time: 00:03:26

Health: -1/43      AC: 12    Str: 14    XL:     5   Next: 88%
Magic:  5/5        EV: 12    Int: 10    God:
Gold:   192        SH:  0    Dex: 15    Spells: 4/4 levels left

rFire   . . .        a - +0 hand axe
rCold   . . .        d - orb {light}
rNeg    . . .        b - +0 robe
rPois   .            (helmet restricted)
rElec   .            (no cloak)
rCorr   .            (no gloves)
SInv    .            (no boots)
Will    .....        (no amulet)
Stlth   +            e - +4 ring of protection
HPRegen 0.27/turn    (no ring)
MPRegen 0.09/turn

%: no passive effects
@: lethally poisoned (-1 -> -13), sanguine armoured
A: horns 1, foul stench 1, sanguine armour 1, foul shadow 1
a: no special abilities


You were on level 3 of the Dungeon.
You visited 1 branch of the dungeon, and saw 3 of its levels.

You collected 192 gold pieces.

Inventory:

Hand Weapons
 a - a +0 hand axe (weapon)
Missiles
 c - a throwing net (quivered)
Armour
 b - a +0 robe (worn)
 d - an orb of light (worn)
Jewellery
 e - a +4 ring of protection (left hand)
Scrolls
 j - 2 scrolls of teleportation {unknown}
 k - a scroll of immolation {unknown}
 m - a scroll of enchant weapon {unknown}
 n - a scroll of acquirement {unknown}
 p - a scroll of identify {unknown}
 q - a scroll of brand weapon {unknown}
Potions
 f - 2 potions of brilliance {unknown}
 g - a potion of haste {unknown}
 h - 3 potions of heal wounds {unknown}
 i - a potion of lignification {unknown}
 l - a potion of curing {unknown}
 o - a potion of might {unknown}


   Skills:
 + Level 4.5 Fighting
 + Level 4.1 Axes
 + Level 4.1 Dodging


You had 4 spell levels left.
You didn't know any spells.
Your spell library contained the following spells:

 Spells                   Type           Power      Damage    Failure   Level
 Sandblast                Erth           0%         2d4       36%         1
 Stone Arrow              Conj/Erth      0%         3d7       75%         3
 Brom's Barrelling Bould  Conj/Erth      0%         2d3       98%         4


Dungeon Overview and Level Annotations

Branches:
Dungeon (3/15)

Altars:

Shops:
D:2 :


Innate Abilities, Weirdness & Mutations

You have a pair of small horns on your head.
You may rarely emit foul miasma when damaged in melee.
When seriously injured, your blood forms armour. (AC +6)
You are faintly shadowed, very rarely releasing foul flame when damaged in melee.


Message History

You barely miss the orc. You headbutt the orc, but do no damage.
The orc hits you but does no damage.
You hit the orc. Your headbutt misses the orc.
The orc is moderately wounded.
Your blood armour dries and flakes away.
The orc hits you but does no damage.
A gnoll comes into view. It is wielding a +0 flail.
Unknown command.
You hit the orc but do no damage.
The orc is lightly wounded.
The gnoll sergeant hits you from afar with a +2 spear of venom!
Your blood congeals into armour.
You are poisoned.
The orc hits you but does no damage. The gnoll closely misses you.
Unknown command.
You hit the orc but do no damage. You headbutt the orc, but do no damage.
The orc is lightly wounded.
You feel sick. The orc misses you. The gnoll sergeant barely misses you.
The gnoll misses you.
You barely miss the orc.
The orc is lightly wounded.
You barely miss the gnoll.
You feel sick. The gnoll sergeant misses you. The orc barely misses you.
The gnoll hits you from afar with a +0 spear.
The gnoll unwields a +0 sling.
The gnoll wields a +0 halberd.
The gnoll barely misses you.
You hit the orc but do no damage. You headbutt the orc.
The orc is moderately wounded.
You barely miss the gnoll.
You feel sick.
The gnoll sergeant hits you from afar with a +2 spear of venom!
* * * LOW HITPOINT WARNING * * *
You are lethally poisoned!
The orc hits you but does no damage.
The gnoll hits you from afar with a +0 spear.
* * * LOW HITPOINT WARNING * * *
The gnoll misses you.
You slash the orc!
You kill the orc!
You hit the gnoll.
You die...

# ' # #....# # #....# # #....# #
#....# .. #+# #.g..# #'
..#############'gg'#############.
gg#............g)..............#.
###≈~~~~~~~~~~≈.@..~~≈~~≈~~~~~~##
≈≈≈≈≈≈≈≈≈≈≈~≈≈~.$..~≈≈≈≈≈≈~≈≈≈≈≈≈
~~≈~~~~~≈~~~~~~..).~≈~~~~~~~≈~~≈~
....................(............
####>...............)............
##................#.......####...
.......#.#........#.......# #...
.........#........#.......# #...
.......####.......#.......# #...


You could see a gnoll sergeant and 3 gnolls.

Vanquished Creatures
  An orc priest (D:3)
  3 hounds (D:3)
  An orc wizard (D:3)
  2 gnolls (D:3)
  2 adders
  5 orcs (D:3)
  6 bats
  4 endoplasms
  3 giant cockroaches
  5 goblins
  5 hobgoblins
  12 jackals (D:3)
  2 quokkas
  3 ball pythons
  3 frilled lizards
  5 kobolds
  4 rats
66 creatures vanquished.

Vanquished Creatures (others)
  An orc wizard (D:3)
1 creature vanquished.

Grand Total: 67 creatures vanquished

Notes
Turn   | Place    | Note
-------+----------+-------------------------------------------
     0 | D:1      | innerfire43 the Demonspawn Monk began the quest for the
                  | Orb.
     0 | D:1      | Reached XP level 1. HP: 18/18 MP: 1/1
    95 | D:1      | Gained mutation: When seriously injured, your blood forms
                  | armour. (AC +6) [demonic ancestry]
    95 | D:1      | Reached XP level 2. HP: 21/24 MP: 2/2
   554 | D:2      | Found Ledgh's Book Emporium.
   897 | D:2      | Gained mutation: You may rarely emit foul miasma when
                  | damaged in melee. [demonic ancestry]
   897 | D:2      | Reached XP level 3. HP: 29/29 MP: 3/3
  1410 | D:3      | Found a faded altar of an unknown god.
  1570 | D:3      | Gained mutation: You have a pair of small horns on your
                  | head. [demonic ancestry]
  1570 | D:3      | Reached XP level 4. HP: 30/37 MP: 4/4
  1631 | D:3      | Gained mutation: You are faintly shadowed, very rarely
                  | releasing foul flame when damaged in melee. [demonic
                  | ancestry]
  1631 | D:3      | Reached XP level 5. HP: 14/42 MP: 2/5
  2063 | D:3      | Succumbed to a gnoll sergeant's poison

Illustrated notes

Levels and vault maps discovered:
D:1:      ebering_trefoil_twist, layout_rooms, grunt_decor_junction,
          kennysheep_decorative_pillar
D:2:      layout_basic, serial_shops, nicolae_book_shop_shelving,
          minmay_misc_feat_square
D:3:      lemuel_castle_with_subvaults [lemuel_castle_interior_carwin_2],
          layout_basic, nicolae_overflow_ecumenical_swirl, dk_noncrumbling_3,
          minmay_misc_feat_iff

Skill      XL: |  1  2  3  4  5 |
---------------+----------------+-----
Dodging        | 3 4 |  4.1
Axes           | 3 4 |  4.1
Fighting       | 4 |  4.5

Action                     |  1- 3 |  4- 6 || total
---------------------------+-------+-------++-------
  Melee: Hand axe          |    92 |   103 ||   195
         Headbutt          |       |    22 ||    22
    Use: Potion            |       |     1 ||     1
 Armour: Robe              |    53 |    80 ||   133
  Dodge: Dodged            |    76 |    99 ||   175

Table legend: (Time is in decaauts)
 A = Elapsed time spent in this place.
 B = Non-inter-level travel time spent in this place.
 C = Inter-level travel time spent in this place.
 D = Time resting spent in this place.
 E = Time spent auto-exploring this place.
 F = Levels seen in this place.
 G = Mean time per level.
                   A        B        C        D        E       F      G
               +--------+--------+--------+--------+--------+-----+--------+
         Total |   2099 |   1917 |    182 |      0 |   1408 |   3 |  699.7 |
       Dungeon |   2099 |   1917 |    182 |      0 |   1408 |   3 |  699.7 |
               +--------+--------+--------+--------+--------+-----+--------+

Top non-repeatable levels by time:
     D:3: 895 daAuts
     D:2: 733 daAuts
     D:1: 471 daAuts
